[Event "*** SCC Grand Prix: Titled Tuesday Blitz"]
[Site "Chess.com"]
[Date "2020.08.11"]
[Round "1"]
[White "GigaQuparadze"]
[Black "Kavyev_Ruslan"]
[Result "1-0"]
[WhiteElo "2935"]
[BlackElo "2437"]
[TimeControl "180+1"]
[EndTime "10:06:21 PDT"]
[Termination "GigaQuparadze won by resignation"]

1. e4 c5 2. Nc3 d6 3. Nf3 Nf6 4. d4 cxd4 5. Nxd4 a6 6. h3 e5 7. Nb3 Be6 8. f4 g6 9. Qf3 Nc6 10. f5 gxf5 11. exf5 Bxb3 12. axb3 Be7 13. g4 h6 14. Bg2 Qc7 15. Be3 O-O-O 16. O-O-O Kb8 17. Kb1 Nb4 18. Qf2 Nd7 19. h4 Rdg8 20. Bf3 Nc5 21.
Rhg1 Qc8 22. Nd5 Nxd5 23. Bxd5 Rf8 24. f6 Bd8 25. g5 Ne6 26. Qf5 hxg5 27. hxg5 Nf4 28.
Qxc8+ Kxc8 29. Bxf4 exf4 30. Rdf1 Rhg8 31. Rxf4 Bb6 32.
Rg3 Ba5 33. b4 Bb6 34. c3 Kc7 35. g6 Rxg6 36. Rxg6 fxg6 37. f7 Kd8 38. Rf6 Ke7 39. Rxg6 Bc7 40. Kc2 b6 41. Kd3 a5 42. b5 Bd8 43.
Be6 Bc7 44. Ke4 Bd8 45. Kd5 Bc7 46. Kc6 Bd8 47. Bd5 Rh8 48. Rg8 1-0

[Event "*** SCC Grand Prix: Titled Tuesday Blitz"]
[Site "Chess.com"]
[Date "2020.08.11"]
[Round "1"]
[White "coocloo"]
[Black "Zufi1811"]
[Result "1-0"]
[WhiteElo "2030"]
[BlackElo "2466"]
[TimeControl "180+1"]
[EndTime "10:06:21 PDT"]
[Termination "coocloo won by resignation"]

1. e4 c5 2. c3 Nf6 3. e5 Nd5 4.
d4 cxd4 5. cxd4 e6 6. Nf3 b6 7.
Bb5 Bb7 8. O-O Be7 9. Nc3 Nxc3 10. bxc3 O-O 11. c4 d6 12. Ba3 dxe5 13. Bxe7 Qxe7 14.
Nxe5 Rd8 15. Qg4 h5 16. Qf4 g5 17. Qe3 a6 18. Ba4 b5 19. cxb5 axb5 20. Bxb5 Ra3 21. Bd3 Nc6 22. Qe4 Rxd3 23. Nxc6 Qa3 24. Qe5 Bxc6 25.
Qxg5+ Kf8 26. Qxd8+ Kg7 27. Qg5+ Kf8 28. Qxh5 Rxd4 29.
Qh8+ Ke7 30. Qxd4 1-0

[Event "*** SCC Grand Prix: Titled Tuesday Blitz"]
[Site "Chess.com"]
[Date "2020.08.11"]
[Round "1"]
[White "Gorin_Leonid"]
[Black "ferch1ni"]
[Result "1-0"]
[WhiteElo "2630"]
[BlackElo "2281"]
[TimeControl "180+1"]
[EndTime "10:06:23 PDT"]
[Termination "Gorin_Leonid won by resignation"]

1. e4 c5 2. Nf3 Nc6 3. d4 cxd4 4. Nxd4 Nf6 5. Nc3 e6 6. Ndb5 d6 7. Bf4 e5 8. Bg5 a6 9. Na3 b5 10. Nd5 Be7 11. Bxf6 Bxf6 12. c3 O-O 13. Nc2 Bg5 14. Be2 f5 15. Bf3 Kh8 16. Qd3 Be6 17. exf5 Bxf5 18.
Be4 Ne7 19. Nxe7 Bxe4 20. Qxe4 Qxe7 21. Nb4 Rac8 22. O-O Rc4 23. Qe2 Rxb4 24. cxb4 d5 25. Rad1 Rd8 26. a3 e4 27. f3 e3 28. Rd3 d4 29.
Rfd1 Bf6 30. g3 Rc8 31. f4 Qe6 32. Qf3 h6 33. Qe2 Qc4 34. Kg2 Qc2 35. Re1 Qa4 36.
Kh3 Rc2 37. Qf3 Rxb2 38. g4 Qc2 39. Qa8+ Kh7 40. Qe4+ Kg8 41. Rh1 e2 42. Re1 Rb3 43. Qd5+ Kh7 44. Qxb3 1-0

[Event "*** SCC Grand Prix: Titled Tuesday Blitz"]
[Site "Chess.com"]
[Date "2020.08.11"]
[Round "1"]
[White "Kildepiotr"]
[Black "Mbneu"]
[Result "1-0"]
[WhiteElo "2586"]
[BlackElo "2224"]
[TimeControl "180+1"]
[EndTime "10:06:23 PDT"]
[Termination "Kildepiotr won by resignation"]

1. Nf3 c5 2. g3 e6 3. Bg2 d5 4. O-O Nc6 5. d3 Be7 6. Nbd2 h5 7. e4 h4 8. exd5 exd5 9. Re1 Be6 10. Nb3 hxg3 11.
hxg3 Nh6 12. Bf4 Ng4 13. Ng5 Bxg5 14. Qxg4 Bxf4 15. Qxf4 b6 16. c4 Nb4 17. Rad1 O-O 18. a3 Nc6 19. d4 cxd4 20. Nxd4 Nxd4 21. Rxd4 Rc8 22. cxd5 Bd7 23. d6 Rc5 24. Re5 Re8 25.
Rde4 Re6 26. Rxc5 bxc5 27. Rxe6 Bxe6 28. Qe5 c4 29. Qc5 Qb6 30. Qxb6 axb6 31. Bc6 Kf8 32. f4 f6 33. Kf2 Bf5 34. Ke3 Kf7 35. Bd5+ Ke8 36. Bc6+ Bd7 37. Bxd7+ Kxd7 38. Kd4 Kxd6 39. Kxc4 g5 40. Kd4 gxf4 41. gxf4 b5 42. b3 f5 43. a4 bxa4 44. bxa4 Ke6 45. Kc5 1-0

[Event "*** SCC Grand Prix: Titled Tuesday Blitz"]
[Site "Chess.com"]
[Date "2020.08.11"]
[Round "1"]
[White "sertalzin"]
[Black "mortngabriel"]
[Result "0-1"]
[WhiteElo "1833"]
[BlackElo "2458"]
[TimeControl "180+1"]
[EndTime "10:06:23 PDT"]
[Termination "mortngabriel won on time"]

1. d4 Nf6 2. c4 e6 3. Nc3 Bb4 4. e3 O-O 5. Ne2 d5 6. a3 Be7 7. cxd5 exd5 8. g3 Re8 9. Bg2 c6 10. O-O Nbd7 11. f3 c5 12. dxc5 Bxc5 13. Nd4 a6 14.
Re1 Ne5 15. b3 b5 16. Bb2 Qb6 17. Qd2 Bh3 18. Nce2 Bxg2 19. Kxg2 Rac8 20. Nf4 g5 21. Nd3 g4 22. Nxc5 Qxc5 23. Rac1 Qd6 24. f4 Ned7 25. Rxc8 Rxc8 26. Nf5 Qe6 27. Qd3 Nc5 0-1

[Event "*** SCC Grand Prix: Titled Tuesday Blitz"]
[Site "Chess.com"]
[Date "2020.08.11"]
[Round "1"]
[White "MarcoRiehle"]
[Black "Ave_Mariia"]
[Result "1-0"]
[WhiteElo "2738"]
[BlackElo "2371"]
[TimeControl "180+1"]
[EndTime "10:06:26 PDT"]
[Termination "MarcoRiehle won by resignation"]

1. e4 c5 2. a3 Nc6 3. b4 cxb4 4. axb4 Nxb4 5. c3 Nc6 6. d4 e6 7. d5 exd5 8. exd5 Ne5 9. Nf3 Nxf3+ 10. Qxf3 Nf6 11.
Bd3 d6 12. O-O Be7 13. Re1 O-O 14. c4 Bg4 15. Qg3 Bh5 16. Bb2 Bg6 17. Bxg6 hxg6 18. Nd2 Rc8 19. Rxa7 Qb6 20. Ra2 Nh5 21. Qe3 Qxe3 22.
fxe3 Bf6 23. Kf2 Rfe8 24. Rb1 Rc7 25. Ra7 Ree7 26. g4 Bxb2 27. Rxb2 Nf6 28. Kf3 Nd7 29.
Ne4 Ne5+ 30. Kg3 f5 31. Ra8+ Kf7 32. Ng5+ Kf6 33. Nh7+ 1-0

[Event "*** SCC Grand Prix: Titled Tuesday Blitz"]
[Site "Chess.com"]
[Date "2020.08.11"]
[Round "1"]
[White "VishnuPrasanna"]
[Black "MNyuyu"]
[Result "1-0"]
[WhiteElo "2677"]
[BlackElo "2333"]
[TimeControl "180+1"]
[EndTime "10:06:29 PDT"]
[Termination "VishnuPrasanna won by resignation"]

1. d4 d5 2. c4 e6 3. Nf3 Be7 4. g3 Nf6 5. Bg2 O-O 6. Qc2 c6 7. O-O Nbd7 8. Nbd2 a6 9. e4 dxe4 10. Nxe4 Nxe4 11. Qxe4 Nf6 12. Qe2 h6 13. Rd1 Qc7 14. Bf4 Bd6 15. Ne5 Nd7 16. c5 Bxe5 17. Bxe5 Nxe5 18. Qxe5 Qxe5 19. dxe5 Re8 20. f4 g6 21. Kf2 Kf8 22. Rd6 Ke7 23. Rad1 h5 24.
Bf1 Rb8 25. b3 Rh8 26. R1d4 Rf8 27. h3 Rh8 28. Be2 Rh7 29. Bf3 Rh8 30. Rd1 Rf8 31.
g4 hxg4 32. hxg4 Rh8 33. Kg3 Ra8 34. b4 Rb8 35. R6d2 Ra8 36. a4 Rb8 37. Rb2 Bd7 38. Rd3 Rbd8 39. Rbd2 Bc8 40. Rxd8 Rxd8 41. Rxd8 Kxd8 42.
Kh4 Ke7 43. Kg5 Bd7 44. Kh6 Be8 45. Be4 Bd7 46. Kg7 Bc8 47. g5 Bd7 48. Bxg6 fxg6 49. Kxg6 Be8+ 50. Kh7 Kd7 51. g6 Kc7 52. a5 Kd7 53. g7 Bf7 54. g8=Q Bxg8+ 55. Kxg8 Ke7 56. Kg7 Ke8 57. Kf6 1-0

[Event "*** SCC Grand Prix: Titled Tuesday Blitz"]
[Site "Chess.com"]
[Date "2020.08.11"]
[Round "1"]
[White "IngOscarArdila"]
[Black "CrushingKings"]
[Result "1-0"]
[WhiteElo "2185"]
[BlackElo "2515"]
[TimeControl "180+1"]
[EndTime "10:06:30 PDT"]
[Termination "IngOscarArdila won by resignation"]

1. d4 Nf6 2. c4 e6 3. Nc3 Bb4 4. Bd2 O-O 5. e3 b6 6. Bd3 Bb7 7. f3 c5 8. Nge2 d5 9. cxd5 exd5 10. a3 Ba5 11. O-O Re8 12. Re1 Nc6 13. Nb5 a6 14. Bxa5 Nxa5 15. Nbc3 Rxe3 16. Qd2 Re8 17. Rad1 Nb3 18. Qf4 Qb8 19. Qf5 cxd4 20. Nb1 Qd6 21. Nd2 Nxd2 22. Rxd2 Re3 23. Red1 Rae8 24. Nxd4 Qc5 25.
Qf4 Re1+ 26. Kf2 Rxd1 27. Rxd1 Ne4+ 28. Bxe4 dxe4 29. Kg3 exf3 30. gxf3 h6 31. Nf5 Re2 32. Rd8+ Kh7 33. Nd4 Qg5+ 34. Qxg5 hxg5 35. Nxe2 1-0

[Event "*** SCC Grand Prix: Titled Tuesday Blitz"]
[Site "Chess.com"]
[Date "2020.08.11"]
[Round "1"]
[White "realmadridtv"]
[Black "denispopov"]
[Result "1-0"]
[WhiteElo "2460"]
[BlackElo "1846"]
[TimeControl "180+1"]
[EndTime "10:06:31 PDT"]
[Termination "realmadridtv won by resignation"]

1. e4 c5 2. Nf3 Nc6 3. d4 cxd4 4. Nxd4 e5 5. Nb5 a6 6. Nd6+ Bxd6 7. Qxd6 Qf6 8. Qd1 Qg6 9. Nc3 d5 10. exd5 Nd4 11. Bd3 Qxg2 12. Be4 Qh3 13. Be3 Bg4 14. Qd3 Nf3+ 15. Bxf3 Bxf3 16. Rg1 g6 17. Rg3 Qh5 18. Kd2 Nf6 19. Bc5 e4 20. Qd4 Qf5 21. Re1 O-O-O 22. d6 Qf4+ 23. Re3 Rhe8 24. Rxf3 1-0

[Event "*** SCC Grand Prix: Titled Tuesday Blitz"]
[Site "Chess.com"]
[Date "2020.08.11"]
[Round "1"]
[White "VitaliyBernadskiy"]
[Black "awesomevishesh"]
[Result "1-0"]
[WhiteElo "2742"]
[BlackElo "2373"]
[TimeControl "180+1"]
[EndTime "10:06:33 PDT"]
[Termination "VitaliyBernadskiy won by checkmate"]

1. e4 c5 2. Nc3 Nc6 3. g3 g6 4. Bg2 Bg7 5. Nge2 d6 6. O-O e6 7. f4 Nge7 8. h3 O-O 9. g4 f5 10. Ng3 Nd4 11. d3 Rb8 12. a4 b6 13. Nce2 a6 14. c3 Nxe2+ 15. Qxe2 d5 16. Bd2 Rf7 17.
Rae1 b5 18. axb5 axb5 19. Kh2 b4 20. gxf5 exf5 21. exd5 Nxd5 22. Qe8+ Rf8 23. Qc6 Nf6 24. Qxc5 Qxd3 25. Rd1 Bb7 26. Be3 Qc2 27. Rd2 Qb3 28. Bxb7 Rxb7 29. Bd4 bxc3 30. bxc3 Ne4 31. Nxe4 fxe4 32.
Re2 Bxd4 33. Qxd4 Rc7 34. Re3 Rfc8 35. f5 Rxc3 36. fxg6 Rxe3 37. gxh7+ Kxh7 38. Qd7+ Kh6 39. Rf6+ Kg5 40. Qf5+ Kh4 41. Rh6# 1-0

[Event "*** SCC Grand Prix: Titled Tuesday Blitz"]
[Site "Chess.com"]
[Date "2020.08.11"]
[Round "1"]
[White "Djager97"]
[Black "Fortitudine"]
[Result "1/2-1/2"]
[WhiteElo "2604"]
[BlackElo "2270"]
[TimeControl "180+1"]
[EndTime "10:06:33 PDT"]
[Termination "Game drawn by repetition"]

1. e4 c5 2. Nf3 d6 3. d4 cxd4 4. Nxd4 Nf6 5. Nc3 Nc6 6. Bg5 Bd7 7. Qd2 Rc8 8. O-O-O Nxd4 9. Qxd4 Qa5 10. f4 e5 11.
Qd2 Rxc3 12. Qxc3 Qxc3 13. bxc3 Nxe4 14. Bd3 Nf2 15. fxe5 Nxh1 16. Rxh1 dxe5 17. Be4 Bc6 18. Bxc6+ bxc6 19. Be3 Ba3+ 20. Kd2 Kd7 21. Rb1 Ke6 22. Bxa7 Rd8+ 23. Ke2 Ra8 24. Rb7 h5 25. Be3 Bd6 26.
Ba7 Ba3 27. Be3 Bd6 28. Ba7 Ba3 1/2-1/2

[Event "*** SCC Grand Prix: Titled Tuesday Blitz"]
[Site "Chess.com"]
[Date "2020.08.11"]
[Round "1"]
[White "Sacbutt"]
[Black "davidkalashian"]
[Result "0-1"]
[WhiteElo "2217"]
[BlackElo "2579"]
[TimeControl "180+1"]
[EndTime "10:06:33 PDT"]
[Termination "davidkalashian won by checkmate"]

1. d4 Nf6 2. c4 e6 3. Nf3 b6 4.
g3 Ba6 5. b3 Bb4+ 6. Bd2 Be7 7.
Bg2 c6 8. O-O d5 9. Qc2 O-O 10.
Bf4 Nbd7 11. Rd1 Rc8 12. Nbd2 c5 13. dxc5 Bxc5 14. Qb2 Qe7 15. a3 Ng4 16. Rf1 e5 17. Nxe5 Ngxe5 18. Bxd5 Ng6 19. b4 Nxf4 20. gxf4 Bd6 21.
e3 Nf6 22. Rfd1 Nxd5 23. cxd5 Qh4 24. Nf1 Bxf1 25. Rxf1 Qg4+ 26. Kh1 Qf3+ 27. Kg1 f5 28. Rfd1 Rf6 29. Kf1 Bxf4 30. exf4 Re8 31. Rd2 Qh1# 0-1

[Event "*** SCC Grand Prix: Titled Tuesday Blitz"]
[Site "Chess.com"]
[Date "2020.08.11"]
[Round "1"]
[White "TudorAnton"]
[Black "Resignify"]
[Result "1-0"]
[WhiteElo "2568"]
[BlackElo "2207"]
[TimeControl "180+1"]
[EndTime "10:06:34 PDT"]
[Termination "TudorAnton won by resignation"]

1. d4 Nf6 2. c4 d6 3. Nf3 Nbd7 4.
g3 e5 5. Bg2 g6 6. O-O Bg7 7. Nc3 O-O 8. e4 exd4 9. Nxd4 Re8 10. Re1 a6 11. h3 Ne5 12. b3 Rb8 13. f4 Nc6 14. Be3 Bd7 15. Rc1 Nxd4 16. Bxd4 Bc6 17. Nd5 Nxd5 18. cxd5 Bd7 19. Bxg7 Kxg7 20. Qd4+ Qf6 21.
Qxf6+ Kxf6 22. Rxc7 Ke7 23. e5 Kd8 24. Rcc1 h5 25. Kf2 Bf5 26. exd6 Kd7 27. Rxe8 Kxe8 28. Rc7 Bd7 29. a4 Kd8 30. Ke3 b5 31. a5 Rc8 32.
Rxc8+ Bxc8 33. Kd4 f6 34. Kc5 Kd7 35. Be4 g5 36. Bf5+ Kd8 37. Bxc8 Kxc8 38. fxg5 fxg5 39. Kc6 Kd8 40. d7 b4 41. Kd6 g4 42. hxg4 hxg4 43.
Kc6 Ke7 44. Kc7 1-0

[Event "*** SCC Grand Prix: Titled Tuesday Blitz"]
[Site "Chess.com"]
[Date "2020.08.11"]
[Round "1"]
[White "PSvidler"]
[Black "grunbergmihai"]
[Result "1-0"]
[WhiteElo "2929"]
[BlackElo "2437"]
[TimeControl "180+1"]
[EndTime "10:06:38 PDT"]
[Termination "PSvidler won by resignation"]

1. e4 Nf6 2. e5 Nd5 3. d4 d6 4. Nf3 dxe5 5. Nxe5 c6 6. Bc4 Nd7 7.
Nf3 N7b6 8. Bd3 Bg4 9. O-O e6 10. c3 Be7 11. Nbd2 O-O 12. Re1 c5 13. dxc5 Bxc5 14.
Ne4 Be7 15. Ng3 Qc7 16. h3 Bxf3 17. Qxf3 Rfd8 18. h4 Nd7 19. Bc2 Nf8 20. h5 h6 21.
Be4 Nf6 22. Bxb7 Rab8 23. Ba6 Qa5 24. Bf1 Rd5 25. b4 Qd8 26. Bf4 Rc8 27. c4 Rd4 28.
Be5 Rh4 29. Re3 Bxb4 30. Ree1 Bxe1 31. Rxe1 N8d7 32. Bd6 Qb6 33. Be7 Qa5 34. Rd1 Qxa2 35. Rxd7 Nxd7 36. Bxh4 Ne5 37. Qb7 Re8 38. Ne4 Nxc4 39.
Qc6 Rb8 40. Bxc4 Qa1+ 41. Kh2 Qe5+ 42. Kh3 Qxh5 43. g4 Qe5 44. Bg3 Qa1 45. Bxb8 1-0

[Event "*** SCC Grand Prix: Titled Tuesday Blitz"]
[Site "Chess.com"]
[Date "2020.08.11"]
[Round "1"]
[White "bgfbfbgfbgfgf"]
[Black "CrazyMartian"]
[Result "1-0"]
[WhiteElo "2675"]
[BlackElo "2332"]
[TimeControl "180+1"]
[EndTime "10:06:38 PDT"]
[Termination "bgfbfbgfbgfgf won by checkmate"]

1. e4 c5 2. Nc3 Nc6 3. Nge2 e5 4. Nd5 d6 5. Nec3 Nge7 6. Bc4 Nxd5 7. Nxd5 Be6 8. O-O Be7 9. d3 O-O 10. f4 exf4 11. Bxf4 Ne5 12. Bxe5 dxe5 13. a4 Bg5 14. Kh1 Kh8 15. Nc3 Qe7 16. Bxe6 fxe6 17. Qg4 Be3 18. Nb5 a6 19. Na3 Rxf1+ 20. Rxf1 Rf8 21. Qe2 Rxf1+ 22.
Qxf1 g6 23. Nc4 Bd4 24. a5 Kg7 25. c3 Qg5 26. cxd4 exd4 27. Nd6 Qd2 28. Nc4 Qc2 29.
e5 h5 30. h4 Kh7 31. Nd6 Qd2 32.
Ne4 Qe3 33. Ng5+ Kh6 34. Qf8# 1-0

[Event "*** SCC Grand Prix: Titled Tuesday Blitz"]
[Site "Chess.com"]
[Date "2020.08.11"]
[Round "1"]
[White "BjarkeSahl"]
[Black "Skatchkov_V"]
[Result "0-1"]
[WhiteElo "2288"]
[BlackElo "2636"]
[TimeControl "180+1"]
[EndTime "10:06:38 PDT"]
[Termination "Skatchkov_V won by resignation"]

1. e4 e5 2. Nf3 Nf6 3. Nxe5 d6 4. Nf3 Nxe4 5. Nc3 Nxc3 6. dxc3 Be7 7. Be3 O-O 8. Qd2 Nd7 9. O-O-O Nf6 10. Bd3 c5 11. h3 Be6 12. a3 c4 13. Be2 Ne4 14.
Qd4 d5 15. Bxc4 Bf6 16. Qxe4 dxe4 17. Rxd8 Rfxd8 18. Nd2 Bxc4 19. Nxc4 b6 20. Nd2 Re8 21. g4 Rad8 22. h4 g6 23. g5 Bg7 24. Rg1 Re6 25.
Rg4 Rde8 26. a4 a6 27. Nb3 f6 28. gxf6 Rxf6 29. a5 bxa5 30. Nxa5 Rf3 31. Nb3 Rh3 32. Kd1 Bf6 33. Nc5 Rxh4 34. Rxh4 Bxh4 35. Nxa6 Bf6 36. Nb4 h5 37. Ke2 h4 38. Kf1 h3 39. Kg1 Be5 40. Nc6 Bc7 41. Nd4 Ra8 42. Ne2 Ra1+ 43. Nc1 Rb1 44. b4 Kf7 0-1

[Event "*** SCC Grand Prix: Titled Tuesday Blitz"]
[Site "Chess.com"]
[Date "2020.08.11"]
[Round "1"]
[White "The_Chess_Coach"]
[Black "binbin239"]
[Result "0-1"]
[WhiteElo "2197"]
[BlackElo "2557"]
[TimeControl "180+1"]
[EndTime "10:06:38 PDT"]
[Termination "binbin239 won on time"]

1. d4 Nf6 2. c4 g6 3. Nc3 d5 4.
cxd5 Nxd5 5. Bd2 Bg7 6. e4 Nxc3 7. Bxc3 c5 8. d5 Bxc3+ 9. bxc3 O-O 10. Nf3 Bg4 11.
Qd2 e6 12. Bc4 exd5 13. Bxd5 Bxf3 14. gxf3 Nd7 15. h4 Ne5 16. Qe2 Qf6 17. Rh3 c4 18. Kf1 Nd3 19. Qd2 Nf4 20. Rh2 Nxd5 21. exd5 Qxf3 22. h5 Rad8 23. Rd1 Qf5 24. Qd4 Rd6 25.
h6 Qf6 26. Qxc4 Qe5 27. Kg1 Rfd8 28. f4 Qe3+ 29. Rf2 Qg3+ 30. Kf1 Qh3+ 31. Ke2 Qxh6 32. Qe4 Qh5+ 33. Rf3 Rxd5 34. Rxd5 Qxd5 0-1

[Event "*** SCC Grand Prix: Titled Tuesday Blitz"]
[Site "Chess.com"]
[Date "2020.08.11"]
[Round "1"]
[White "Agibileg"]
[Black "Aleksey_Sorokin"]
[Result "1/2-1/2"]
[WhiteElo "2408"]
[BlackElo "2795"]
[TimeControl "180+1"]
[EndTime "10:06:40 PDT"]
[Termination "Game drawn by agreement"]

1. d4 Nf6 2. c4 g6 3. Nc3 d5 4.
cxd5 Nxd5 5. e4 Nxc3 6. bxc3 Bg7 7. Nf3 c5 8. h3 O-O 9. Be3 Qa5 10. Qd2 Nc6 11.
Rd1 Rd8 12. Bc4 b5 13. Bd5 Bb7 14. O-O e6 15. Bb3 cxd4 16. cxd4 Qxd2 17. Rxd2 Na5 18. Rfd1 Bxe4 19. Ne5 Nxb3 20. axb3 a5 21. Ra1 Bd5 22. Rb2 Bf8 23. Bd2 a4 24. bxa4 bxa4 25. Bg5 a3 26. Rb6 Rdb8 27. Rxb8 Rxb8 28. Nd7 Rb7 29. Nxf8 a2 30. Kh2 Kxf8 31. Bd2 Ke8 32. Bc3 Rb3 33. Be1 Kd7 34. Rxa2 Rxh3+ 35. Kxh3 Bxa2 36. Kg3 Kc6 37. Kf4 Kd5 38. Ke3 h5 39. f3 g5 40. Ba5 Bc4 41.
Bd8 g4 42. fxg4 hxg4 43. g3 Bb3 44. Bc7 Kc4 45. Be5 Bd1 46. Bf6 Bf3 47. Be5 Kd5 1/2-1/2

[Event "*** SCC Grand Prix: Titled Tuesday Blitz"]
[Site "Chess.com"]
[Date "2020.08.11"]
[Round "1"]
[White "Goryachkina"]
[Black "martynkovaelena"]
[Result "1-0"]
[WhiteElo "2583"]
[BlackElo "2223"]
[TimeControl "180+1"]
[EndTime "10:06:40 PDT"]
[Termination "Goryachkina won by checkmate"]

1. e4 c5 2. Nf3 e6 3. c3 d5 4.
exd5 exd5 5. d4 Nc6 6. Bb5 Bd6 7. O-O Ne7 8. dxc5 Bxc5 9. Nbd2 O-O 10. Nb3 Bd6 11.
Bg5 a6 12. Bd3 Qc7 13. h3 Be6 14. Nbd4 Nxd4 15. Nxd4 Bd7 16. Bxe7 Bxe7 17. Qh5 g6 18. Qxd5 Bf6 19. Qf3 Bg7 20. Be4 Rab8 21. Rad1 Rfe8 22. Bd5 Be6 23. Nxe6 fxe6 24. Bb3 Kh8 25. Qe4 Qe7 26.
Rfe1 e5 27. Rd5 b5 28. Red1 b4 29. Rd7 Qc5 30. Qh4 bxc3 31. Rxg7 Kxg7 32. Rd7+ Kf8 33. Qf6# 1-0

[Event "*** SCC Grand Prix: Titled Tuesday Blitz"]
[Site "Chess.com"]
[Date "2020.08.11"]
[Round "1"]
[White "paulrusan"]
[Black "viktorskliarov"]
[Result "0-1"]
[WhiteElo "2209"]
[BlackElo "2571"]
[TimeControl "180+1"]
[EndTime "10:06:40 PDT"]
[Termination "viktorskliarov won by resignation"]

1. e4 c5 2. b4 b6 3. bxc5 bxc5 4.
Nc3 Nc6 5. Rb1 g6 6. Nf3 Bg7 7. Bb5 Bb7 8. Ba4 Rb8 9. O-O Nf6 10. e5 Ng4 11. Re1 O-O 12. Ba3 Nb4 13. Bxb4 cxb4 14.
Rxb4 Bxf3 15. Rxb8 Bxd1 16. Rxd8 Rxd8 17. Rxd1 Bxe5 18.
h3 Bxc3 19. hxg4 Bd4 20. c3 Bb6 21. d4 d5 22. Bb3 e6 23. f4 Rc8 24. f5 Rxc3 25. fxe6 fxe6 26. Kf2 Kf7 27. Ke2 Ke7 28. Rd3 Rc8 29. Rd1 Kd6 30. Kd3 Rf8 31. Kc3 Rf2 32.
Rd2 Ba5+ 33. Kd3 Bxd2 0-1

[Event "*** SCC Grand Prix: Titled Tuesday Blitz"]
[Site "Chess.com"]
[Date "2020.08.11"]
[Round "1"]
[White "BulletMercenary"]
[Black "jlandaw"]
[Result "0-1"]
[WhiteElo "2152"]
[BlackElo "2519"]
[TimeControl "180+1"]
[EndTime "10:06:40 PDT"]
[Termination "jlandaw won by checkmate"]

1. e4 e5 2. Nf3 Nc6 3. d4 exd4 4. Nxd4 Nf6 5. Nc3 Bb4 6. Nxc6 bxc6 7. Bd3 d5 8. exd5 cxd5 9. O-O O-O 10. Bg5 c6 11.
Qf3 Be7 12. h3 h6 13. Bh4 Nd7 14. Bg3 Bf6 15. Rad1 Ne5 16. Qe3 d4 17. Qe4 Nxd3 18.
Rxd3 Ba6 19. Rfd1 Bxd3 20. Rxd3 Qa5 21. Nd1 Rfe8 22. Qxc6 Rac8 23. Qd7 Re1+ 24. Kh2 Rxc2 25. b4 Qh5 26. Qa4 Rc1 27. f3 Be5 28. f4 Bxf4 29. Bxf4 Rcxd1 30. Rg3 Rh1# 0-1

[Event "*** SCC Grand Prix: Titled Tuesday Blitz"]
[Site "Chess.com"]
[Date "2020.08.11"]
[Round "1"]
[White "vpsetter"]
[Black "Srisshhhtea"]
[Result "0-1"]
[WhiteElo "2647"]
[BlackElo "2332"]
[TimeControl "180+1"]
[EndTime "10:06:41 PDT"]
[Termination "Srisshhhtea won by resignation"]

1. e4 e6 2. d4 d5 3. Nc3 Nf6 4. e5 Nfd7 5. f4 c5 6. Nf3 Be7 7. dxc5 Nxc5 8. Be3 O-O 9. Qd2 Nc6 10. O-O-O Qa5 11. Kb1 Bd7 12. f5 Rfc8 13. fxe6 fxe6 14. h4 Na4 15. Nxa4 Qxa4 16. c3 b5 17. Qc2 Qxc2+ 18.
Kxc2 b4 19. Bb5 bxc3 20. Bxc6 cxb2 21. Kb1 Bxc6 22. Nd4 Rab8 23. Bg5 Be8 24. Bxe7 Bg6+ 0-1

[Event "*** SCC Grand Prix: Titled Tuesday Blitz"]
[Site "Chess.com"]
[Date "2020.08.11"]
[Round "1"]
[White "j2806"]
[Black "Eternauta2400"]
[Result "0-1"]
[WhiteElo "2074"]
[BlackElo "2497"]
[TimeControl "180+1"]
[EndTime "10:06:41 PDT"]
[Termination "Eternauta2400 won by resignation"]

1. e4 c5 2. Nf3 Nc6 3. d4 cxd4 4. Nxd4 Nf6 5. Nc3 e5 6. Ndb5 d6 7. Bg5 a6 8. Na3 b5 9. Nd5 Be7 10. Bxf6 Bxf6 11. c3 Bg5 12. Nc2 Ne7 13. Nce3 O-O 14. a4 bxa4 15. Rxa4 a5 16. Bc4 Be6 17. O-O Bxe3 18.
Nxe3 Rb8 19. b3 Kh8 20. Bxe6 fxe6 21. Nc4 d5 22. Nxe5 Qc7 23. Qd4 Rxb3 24. exd5 exd5 25. Rc1 Rfb8 26. h3 Rb1 27. Rxb1 Rxb1+ 28. Kh2 Nc6 29. Qd3 Nxe5 30. Qg3 Rb2 31. Rd4 Nf3+ 32. gxf3 Rxf2+ 0-1

[Event "*** SCC Grand Prix: Titled Tuesday Blitz"]
[Site "Chess.com"]
[Date "2020.08.11"]
[Round "1"]
[White "MokshAD1603"]
[Black "hansen"]
[Result "0-1"]
[WhiteElo "2436"]
[BlackElo "2932"]
[TimeControl "180+1"]
[EndTime "10:06:42 PDT"]
[Termination "hansen won by resignation"]

1. d4 Nf6 2. c4 e6 3. Nf3 Bb4+ 4. Nbd2 O-O 5. a3 Be7 6. e4 d5 7. e5 Ne4 8. Bd3 Nxd2 9. Bxd2 dxc4 10. Bxc4 b6 11.
O-O Bb7 12. Rc1 c5 13. dxc5 Nd7 14. cxb6 Bxf3 15. Qxf3 Nxe5 16. Qe2 Nxc4 17. Rxc4 Qxb6 18. Be3 Qb3 19. Qc2 Qxc2 20. Rxc2 Rfb8 21. Rd1 a5 22. g3 a4 23. Bd4 Rd8 24. Rdd2 Rd5 25. Bc3 Rxd2 26.
Rxd2 f6 27. Kg2 Kf7 28. f4 Ra7 29. Kf3 h5 30. h3 g5 31. g4 gxf4 32. Kxf4 e5+ 33.
Kf3 Ke6 34. Re2 Bd6 35. Re4 Kd5 36. Bb4 Rb7 37. Bxd6 Rb3+ 38. Re3 hxg4+ 39. hxg4 Rxe3+ 40. Kxe3 Kxd6 41. Ke4 Ke6 42. Ke3 Kd5 43. Kd3 e4+ 44. Ke3 Ke5 45. Kd2 Kf4 46. Kc3 e3 47. Kd3 Kf3 0-1

[Event "*** SCC Grand Prix: Titled Tuesday Blitz"]
[Site "Chess.com"]
[Date "2020.08.11"]
[Round "1"]
[White "tlomigtlis"]
[Black "gena217"]
[Result "0-1"]
[WhiteElo "2430"]
[BlackElo "2906"]
[TimeControl "180+1"]
[EndTime "10:06:42 PDT"]
[Termination "gena217 won by checkmate"]

1. d4 Nf6 2. c4 e6 3. Nc3 Bb4 4. Qc2 O-O 5. a3 Bxc3+ 6. Qxc3 d6 7. Bg5 Nbd7 8. e3 b6 9. Ne2 c5 10. Rd1 Qc7 11. Qc2 Ba6 12. Nc3 Rac8 13. Be2 h6 14.
Bh4 cxd4 15. Rxd4 e5 16. Rd1 Bxc4 17. O-O d5 18. Bxc4 Qxc4 19. Qd2 Qxh4 20. Nxd5 Nxd5 21. Qxd5 Rc7 22. Rc1 Rfc8 23. Rxc7 Rxc7 24. Qd6 Qd8 25. Rd1 Qc8 26. Qd2 Nf6 27. h3 Rd7 28. Qe2 Rxd1+ 29. Qxd1 e4 30. Qd4 Qc7 31. g3 h5 32. h4 Qc6 33. Qd8+ Kh7 34. Qd4 Qd5 35. Qc3 b5 36.
b3 a6 37. a4 bxa4 38. bxa4 Qd1+ 39. Kg2 Qxa4 40. Qc5 Qb5 41. Qc3 a5 42. Qc7 Qd5 43. Qa7 Ng4 44. Qe7 Qf5 45. f4 exf3+ 46. Kh3 Nxe3+ 47.
Kh2 Ng4+ 48. Kg1 f2+ 49. Kf1 Nh2+ 50. Kg2 f1=Q+ 51. Kxh2 Qc2+ 52. Qe2 Qfxe2+ 53. Kh3 Qe6+ 54. g4 Qxg4# 0-1

[Event "*** SCC Grand Prix: Titled Tuesday Blitz"]
[Site "Chess.com"]
[Date "2020.08.11"]
[Round "1"]
[White "Zkid"]
[Black "NoboaKevin1999"]
[Result "1-0"]
[WhiteElo "2857"]
[BlackElo "2416"]
[TimeControl "180+1"]
[EndTime "10:06:42 PDT"]
[Termination "Zkid won by resignation"]

1. e4 e6 2. d4 d5 3. Nc3 Nf6 4. e5 Nfd7 5. f4 c5 6. Nf3 Be7 7. Be3 O-O 8. a3 b6 9. Bd3 f6 10. exf6 Nxf6 11. O-O Nc6 12. Bb5 Nxd4 13. Nxd4 cxd4 14. Bxd4 Bd7 15. Bd3 Bc5 16. Ne2 Qc7 17. Kh1 Rae8 18. Be5 Bd6 19. Bxd6 Qxd6 20. Ng3 e5 21.
fxe5 Rxe5 22. Qd2 Rfe8 23. Rae1 Ng4 24. Rxe5 Qxe5 25. c3 h6 26. Kg1 d4 27. Bc4+ Be6 28. Re1 Qf6 29. Rxe6 Rxe6 30. Nh5 Qe5 31. Nf4 dxc3 32.
Bxe6+ Qxe6 33. Qd8+ Kh7 34. Nxe6 cxb2 35. Qd3+ Kg8 36.
Qc2 Kf7 37. Nf4 Ne3 38. Qxb2 1-0